Cogmind - Beta 12 @@@ ROGUE MODE // 2024.02.17 @ 02:21:38 Player: ToasterKoishi Result: Destroyed by D-53 Grenadier with Mini Grenade Launcher Performance ------------- Evolutions (0) 0 Regions Visited (4) 800 Robots Destroyed (20) 100 Value Destroyed (455) 455 Prototype IDs (0) 0 Alien Tech Used (0) 0 Bonus (0) 0 TOTAL SCORE: 1355 Bonus ------- None Cogmind --------- Core Integrity 0/250 Matter 290/300 Energy 74/100 System Corruption 0% Temperature Cool (33) Movement Core (450) Ox8 Location -9/Mines Parts ------- > --- POWER (1) -------- (None) > --- PROPULSION (2) --- (None) > --- UTILITY (2) ------ Large Storage Unit Structural Scanner > --- WEAPON (2) ------- Small Laser Particle Gun > --- INVENTORY (15) --- Light Ion Engine Flight Unit Flight Unit Flight Unit Flight Unit Large Storage Unit Large Storage Unit High-capacity Matter Pod (200) Visual Processing Unit Sensor Array Signal Interpreter Improved Terrain Scanner Grenade Launcher Heavy Hammer Peak State ------------ > --- POWER ------------ Light Ion Engine > --- PROPULSION ------- Wheel Wheel > --- UTILITY ---------- Small Storage Unit Improved Terrain Scanner > --- WEAPON ----------- Medium Laser Small Laser > --- INVENTORY -------- Light Ion Engine Wheel Wheel Wheel Visual Processing Unit Improved Terrain Scanner Light Assault Rifle Grenade Launcher [Rating: 10] Favorites ----------- Power Ion Engine Engine Ion Engine Propulsion Wheel Wheel Wheel Utility Large Storage Unit Device Structural Scanner Storage Large Storage Unit Weapon Medium Laser Energy Gun Medium Laser Build | -11 -10 -10 -10 -9 ------- Run | Jun Mat Min Exi Min Slots Evolved . | . . . . . Power . | . . . . . Propulsion . | . . . . . Utility . | . . . . . Weapon . | . . . . . Parts Attached 24 | 6 15 . 1 2 Power 5 | 1 4 . . . Engine 5 | 1 4 . . . Core . | . . . . . Reactor . | . . . . . Propulsion 7 | 2 4 . . 1 Treads . | . . . . . Leg . | . . . . . Wheel 7 | 2 4 . . 1 Hover . | . . . . . Flight . | . . . . . Utility 6 | 1 4 . 1 . Device 2 | . 2 . . . Storage 4 | 1 2 . 1 . Processor . | . . . . . Hackware . | . . . . . Protection . | . . . . . Artifact . | . . . . . Weapon 6 | 2 3 . . 1 Energy Gun 6 | 2 3 . . 1 Energy Cannon . | . . . . . Ballistic Gun . | . . . . . Ballistic Cannon . | . . . . . Launcher . | . . . . . Special Weapon . | . . . . . Impact Weapon . | . . . . . Slashing Weapon . | . . . . . Piercing Weapon . | . . . . . Special Melee Weapon . | . . . . . Unidentified Prototypes . | . . . . . Parts Lost 9 | . 4 1 . 4 Power 2 | . 1 . . 1 Propulsion 5 | . 2 1 . 2 Utility 1 | . 1 . . . Weapon 1 | . . . . 1 Highest Loss Streak 4 | . 3 1 . 4 To Critical Strikes . | . . . . . Average Slot Usage (%) 91 | . 95 90 85 95 Engine 13 | . 13 14 14 12 Wheel 21 | . 27 18 14 26 Device 11 | . 9 14 14 14 Storage 14 | . 14 14 14 14 Energy Gun 27 | . 28 28 28 26 Naked Turns . | . . . . . Heaviest Build 31 | 11 31 31 31 31 Greatest Support 26 | 20 26 26 16 26 Greatest Overweight (x) 8 | . 8 1 1 1 Average Overweight (x) . | . . 1 1 1 Largest Inventory Capacity 15 | 8 15 15 15 15 Average Capacity 13 | 7 12 15 15 15 Most Carried 15 | 7 15 15 15 15 Average Carried 12 | 2 12 15 15 14 Final Capacity 15 | 8 15 15 15 15 Final Carried 15 | 7 15 15 15 14 Class Distribution -------------------- 72% | Mutant 27% | Scavenger-Mutant Dominant Class ---------------- Mutant | -10/Materials Mutant | -10/Mines Mutant | -10/Exiles Mutant | -9/Mines Resources | -11 -10 -10 -10 -9 ----------- Run | Jun Mat Min Exi Min Matter Collected 695 | 247 448 . . . Remotely . | . . . . . Salvage Created 654 | 72 495 87 . . Parts 40 | 10 24 6 . . Haulers Intercepted . | . . . . . Recyclers Shooed 1 | . . 1 . . Parts Field Recycled . | . . . . . Retrieved Matter . | . . . . . Parts Self-Destructed . | . . . . . Prevented . | . . . . . Kills | -11 -10 -10 -10 -9 ------- Run | Jun Mat Min Exi Min Combat Hostiles Destroyed 12 | . 10 2 . . Guns 12 | . 10 2 . . Classes Destroyed 7 | 1 6 . . . Builder 1 | . 1 . . . Tunneler 3 | 3 . . . . Recycler 1 | . 1 . . . Operator 1 | . 1 . . . Watcher 2 | . 2 . . . Swarmer 3 | . 3 . . . Grunt 9 | . 7 2 . . Best Kill Streak 5 | 3 5 1 . . Combat Bots Only 5 | . 5 1 . . Max Kills in Single Turn 2 | 1 2 1 . . Gunslinging 1 | . 1 . . . Exploded . | . . . . . Melee . | . . . . . Uniques/NPCs Destroyed . | . . . . . Combat | -11 -10 -10 -10 -9 -------- Run | Jun Mat Min Exi Min Damage Taken 875 | . 505 187 . 183 Core 252 | . 135 41 . 76 Absorbed by Shields . | . . . . . Core Remaining (%) 100 | 100 . . . . Volleys Fired 62 | 5 41 13 . 3 Largest 2 | 2 2 2 . 2 Hottest 115 | 90 100 115 . 105 Shots Fired 115 | 10 79 22 . 4 Gun 115 | 10 79 22 . 4 Cannon . | . . . . . Launcher . | . . . . . Special . | . . . . . Kinetic . | . . . . . Thermal 115 | 10 79 22 . 4 Explosive . | . . . . . Electromagnetic . | . . . . . Robot Hit Streak 9 | 2 9 5 . 1 Robot Miss Streak 4 | 1 3 4 . 2 Penetration Max . | . . . . . Secondary Targets 4 | . 4 . . . Max Gunslinging Chain 1 | . 1 . . . Shots Hit Robots 67 | 5 47 14 . 1 Core Hits 33 | 3 25 5 . . Critical Kills . | . . . . . Critical Parts Destroyed . | . . . . . Critical Strikes 4 | 1 2 1 . . Burn 4 | 1 2 1 . . Melee Attacks . | . . . . . Impact . | . . . . . Slashing . | . . . . . Piercing . | . . . . . Sneak Attacks . | . . . . . Combat Hostiles . | . . . . . Follow-up Attacks . | . . . . . Damage Inflicted 880 | 72 591 201 . 16 Guns 880 | 72 591 201 . 16 Cannons . | . . . . . Explosions . | . . . . . Melee . | . . . . . Ramming . | . . . . . Kinetic . | . . . . . Thermal 880 | 72 591 201 . 16 Explosive . | . . . . . Electromagnetic . | . . . . . Impact . | . . . . . Slashing . | . . . . . Piercing . | . . . . . Highest Corruption . | . . . . . Average Corruption . | . . . . . Corruption Purged . | . . . . . Corruption Blocked . | . . . . . Overload Shots . | . . . . . Overflow Damage . | . . . . . Projectiles . | . . . . . Explosions . | . . . . . Melee . | . . . . . Knockbacks . | . . . . . Impact . | . . . . . Kinetic . | . . . . . Secondary . | . . . . . Self-Inflicted Damage . | . . . . . Shots . | . . . . . Rammed . | . . . . . Targets Rammed . | . . . . . Kicked . | . . . . . Crushed . | . . . . . Highest Temperature 324 | 60 308 324 . 33 Average Temperature 124 | 24 140 124 . 17 Received Heat Transfer 303 | . 234 69 . . Effects 4 | . 2 2 . . Energy Bleed 2 | . 2 . . . Interference 2 | . . 2 . . Siege Activations . | . . . . . Robots Corrupted . | . . . . . Combat Hostiles . | . . . . . Parts Fried . | . . . . . Impact Corruptions . | . . . . . Robots Melted . | . . . . . Combat Hostiles . | . . . . . Parts Melted 10 | 1 9 . . . Heat Transferred 2682 | 272 1781 592 . 37 Parts Sabotaged . | . . . . . Parts Stolen . | . . . . . Parts Stripped . | . . . . . Power Chain Reactions . | . . . . . Missiles Intercepted . | . . . . . Alert | -11 -10 -10 -10 -9 ------- Run | Jun Mat Min Exi Min Peak Influence 217 | 15 217 70 . 15 Initial 9 | . 9 . . . Average 59 | 4 74 44 . 7 Maximum Alert Level 1 | . 1 . . . Low Security (%) 94 | 100 91 100 . 100 Level 1 5 | . 8 . . . Level 2 . | . . . . . Level 3 . | . . . . . Level 4 . | . . . . . Level 5 . | . . . . . High Security . | . . . . . Max Security . | . . . . . Squads Dispatched 1 | . 1 . . . Investigation . | . . . . . Extermination . | . . . . . Reinforcement 1 | . 1 . . . Assault . | . . . . . Garrison . | . . . . . Intercept . | . . . . . Searches Triggered . | . . . . . Construction Impeded . | . . . . . Haulers Reinforced . | . . . . . Active Scanning Responses . | . . . . . Cargo Convoy Interrupts . | . . . . . Stealth | -11 -10 -10 -10 -9 --------- Run | Jun Mat Min Exi Min Distress Signals 1 | . . 1 . . Communications Jammed . | . . . . . Distress Signals . | . . . . . Times Spotted 24 | . 16 6 . 2 Peak Tracking Total 4 | . 4 3 . 2 Tactical Retreats 2 | . . 1 . 1 Traps | -11 -10 -10 -10 -9 ------- Run | Jun Mat Min Exi Min Traps Triggered . | . . . . . Indirectly . | . . . . . Trap Hack Attempts . | . . . . . Triggered . | . . . . . Disarmed . | . . . . . Reprogrammed . | . . . . . Reused . | . . . . . Traps Extracted . | . . . . . Installed . | . . . . . Triggered . | . . . . . Machines | -11 -10 -10 -10 -9 ---------- Run | Jun Mat Min Exi Min Machines Disabled . | . . . . . Max in Single Turn . | . . . . . Machines Repaired . | . . . . . Machines Sabotaged . | . . . . . Overloaded Fab Kills . | . . . . . Hacking | -11 -10 -10 -10 -9 --------- Run | Jun Mat Min Exi Min Machines Accessed 10 | . 6 . 4 . Terminals 5 | . 5 . . . Fabricators . | . . . . . Repair Stations . | . . . . . Recycling Units 1 | . 1 . . . Scanalyzers . | . . . . . Garrison Access . | . . . . . Total Hacks 19 | . 15 . 4 . Successful 10 | . 6 . 4 . Failed 9 | . 9 . . . Catastrophic . | . . . . . Database Lockouts . | . . . . . Manual 10 | . 10 . . . Terminals 12 | . 12 . . . Fabricators . | . . . . . Repair Stations . | . . . . . Recycling Units 3 | . 3 . . . Scanalyzers . | . . . . . Garrison Access . | . . . . . Terminal Hacks 10 | . 6 . 4 . Record 4 | . . . 4 . Unreport Threat 1 | . 1 . . . Locate Traps 3 | . 3 . . . Hauler Manifests 1 | . 1 . . . Registered Components 1 | . 1 . . . Fabricator Hacks . | . . . . . Repair Station Hacks . | . . . . . Recycling Unit Hacks . | . . . . . Scanalyzer . | . . . . . Garrison Access Hacks . | . . . . . Unauthorized Hacks . | . . . . . Terminals . | . . . . . Fabricators . | . . . . . Repair Stations . | . . . . . Recycling Units . | . . . . . Scanalyzers . | . . . . . Garrison Access . | . . . . . Data Cores Recovered . | . . . . . Used . | . . . . . Hacking Detections 4 | . 4 . . . Full Trace Events . | . . . . . Feedback Events . | . . . . . Feedback Blocked . | . . . . . Robot Schematics Acquired . | . . . . . Robots Built . | . . . . . Authchips . | . . . . . Time . | . . . . . Total Robot Build Rating . | . . . . . Part Schematics Acquired . | . . . . . Parts Built . | . . . . . Authchips . | . . . . . Time . | . . . . . Total Part Build Rating . | . . . . . Parts Repaired . | . . . . . Time . | . . . . . Parts Recycled . | . . . . . Recycled Matter . | . . . . . Retrieved Matter . | . . . . . Retrieved Components . | . . . . . Parts Scanalyzed . | . . . . . Part Schematics Acquired . | . . . . . Parts Damaged . | . . . . . Bothacking | -11 -10 -10 -10 -9 ------------ Run | Jun Mat Min Exi Min Used RIF Installer . | . . . . . Robots Hacked . | . . . . . Non-combat . | . . . . . Combat . | . . . . . Robot Hacks Applied . | . . . . . Relay Couplers Released . | . . . . . Fabnet Peak Effective % . | . . . . . Robots Rewired . | . . . . . Allies Hacked . | . . . . . Hacks Repelled . | . . . . . Allies | -11 -10 -10 -10 -9 -------- Run | Jun Mat Min Exi Min Total Allies . | . . . . . Largest Group . | . . . . . Highest-Rated Group . | . . . . . Highest-Rated Ally . | . . . . . Total Orders . | . . . . . Ally Attacks . | . . . . . Total Damage . | . . . . . Kills . | . . . . . Allies Corrupted . | . . . . . Allies Melted . | . . . . . Intel | -11 -10 -10 -10 -9 ------- Run | Jun Mat Min Exi Min Robot Analysis Total . | . . . . . Derelict Logs Recovered 1 | . . 1 . . Drone Launches . | . . . . . Drone Recoveries . | . . . . . Exploration | -11 -10 -10 -10 -9 ------------- Run | Jun Mat Min Exi Min Turns Passed 1835 | 97 878 205 567 88 Spaces Moved 1537 | 83 740 148 493 73 Core 2 | 1 1 . . . Treads . | . . . . . Legs . | . . . . . Wheels 1535 | 82 739 148 493 73 Hover . | . . . . . Flight . | . . . . . Fastest Speed 50 | 50 80 105 115 105 Average Speed 103 | 79 96 111 115 105 Slowest Speed 450 | 80 450 115 115 115 Overloaded Moves . | . . . . . Propulsion Burnouts . | . . . . . Robots Hopped . | . . . . . Cave-ins Triggered . | . . . . . Exploration Rate (%) 52 | 4 96 48 90 22 Regions Visited 4 Branch Regions 3 Pre-discovered Areas 1 | . . 1 . . Known Exits Taken . | . . . . . Unknown Exits Taken 4 | 1 1 1 1 . Scrap Searched . | . . . . . Spaces Dug . | . . . . . Terrain Destroyed . | . . . . . Melee . | . . . . . Projectile . | . . . . . AOE . | . . . . . Terrain Rammed . | . . . . . Walls Destroyed . | . . . . . Machines Disabled . | . . . . . Actions | -11 -10 -10 -10 -9 --------- Run | Jun Mat Min Exi Min Total 1664 | 100 826 165 494 79 Wait 8 | . 2 5 . 1 Move 1533 | 82 739 147 492 73 Hop . | . . . . . Pick Up 21 | 7 14 . . . Fast Attach 13 | 6 6 . . 1 Attach 3 | . 2 . . 1 Detach 2 | . 2 . . . Swap 8 | . 7 . 1 . Drop 14 | . 13 . 1 . Fire 62 | 5 41 13 . 3 Melee . | . . . . . Ram . | . . . . . Kick . | . . . . . Crush . | . . . . . Escape Stasis . | . . . . . Rewire . | . . . . . Trap . | . . . . . Miscellaneous . | . . . . . Route ------- -11/Junkyard -10/Materials (discovered 3 exits: [*Mat x2] / [*Min]) -10/Mines (discovered 3 exits: [*Mat x2] / *Exi) -10/Exiles -9/Mines History --------- Turn | Location | Event 11 | -11/Junkyard | Discovered new exit (range 15) 98 | -11/Junkyard | Entered Materials 313 | -10/Materials | Build established: Mutant 324 | -10/Materials | Discovered new exit (range 9) 354 | -10/Materials | Discovered new exit (range 13) 440 | -10/Materials | Discovered new exit (range 15) 449 | -10/Materials | Lost 3 parts (1p2n) 764 | -10/Materials | Core integrity fell below 50% 976 | -10/Materials | Entered Mines 1012 | -10/Mines | Met a Derelict bent on vengeance 1034 | -10/Mines | Discovered new exit (range 14) 1048 | -10/Mines | Received a Rocket Launcher from a helpful Derelict 1095 | -10/Mines | Discovered new exit (range 9) 1175 | -10/Mines | Deemed a non-threat by the Exiles lab entrance 1175 | -10/Mines | Discovered new exit (range 6) 1181 | -10/Mines | Entered Exiles 1181 | -10/Exiles | Found Exiles lab abandoned 1733 | -10/Exiles | Discovered new exit (range 15) 1748 | -10/Exiles | Entered Mines 1749 | -9/Mines | Assembled infested the area 1754 | -9/Mines | Assisted by a Guerilla fighting off Assembled 1833 | -9/Mines | Core integrity fell below 20% 1836 | -9/Mines | Destroyed by D-53 Grenadier with Mini Grenade Launcher Last Messages --------------- To anyone looking for us: Don't. 01733_ EXIT=FOUND LOCATION=UNKNOWN GOAL=ESCAPE 01749_ ALERT: Infestation in the mines, dispatching Demolisher response squad. 01752_ Acquired Wheel. 01754_ A derelict emerges from the shadows: "You need to get out of here! I've been tracking a group of Assembled to figure out where they're coming from, and they're closing on this area, come on!" 01757_ GA-D3S(h): "I'll hold them off! Go on ahead or try to find another way!" 01760_ The unstable cave ceiling collapses. 01768_ HV Slug penetrates Wall. 01793_ K-01 Serf collects debris. 01828_ Med. Laser destroyed. 01828_ Ion Engine destroyed. 01830_ Com. Wheel destroyed. 01830_ K-01 Serf collects debris. 01832_ The unstable cave ceiling collapses. 01832_ K-01 Serf collects debris. 01834_ Wheel destroyed. 01835_ K-01 Serf collects debris. Map ----- +----------------------------------------------------+ | ???????????????????????##### ! ##### ##?? | | ???????????????????????###### !###### ##?? | | ??????????????????????????##########?## ##?? | | ???????????????????????????########??## ##?? | | ????????????????????????????######???## ##?? | | ???????????????????????????########??## ##?? | | ???????????????????????????### ####?## ##?? | | ???????????????????????????## ###### ##?? | | ???????????????? #######??## ##### ##?? | | ???????????????? #######?## ##?? | | ??????????????? ##### ##?? | | ???????????????## #### #######?? | | ???????????????##### ######?? | | ??????????????????##### k ##?????? | | ????????????????????#### k ##?????? | | ?????????????????????### ###?????? | | ?????????????????????### #####?????? | | ?????????????????????## d #####??????? | | ????????????????????### ####????????? | | ??????????????????##### ###?????????? | | ?????????????????##### ###??????????? | | ?????????????????### ####??????????? | | ?????????????????## ####???????????? | | ?????????????????### ##????????????? | | ?????????????????#### ###????????????? | | ??????????????????### @ #######???????? | | ???????????????????## ########???????? | | ???????????????????## ##???????? | | ???????????????????### ##???????? | | ???????????????????#### # ###### ##???????? | | ????????????????????############## ########## | | ?????????????????????#########??## ########## | | ????????????????????????????????## ## ## | | ????????????????????????????????## ## """ ## | | ????????????????????????????????## """ ## | | ????????????????????????????????##### """ ## | | ????????????????????????????????##### ## | | ???????????????????????????????????## """ ## | | ???????????????????????????????????## """ ## | | ???????????????????????????????????## """ ## | | ???????????????????????????????????## ## | | ???????????????????????????????????## ? ## | | ???????????????????????????????????######?### | | ????????????????????????????????????#####???? | | ????????????????????????????????????????????? | | ????????????????????????????????????????????? | | ????????????????????????????????????????????? | | ????????????????????????????????????????????? | | | | | +----------------------------------------------------+ Best States ------------- Heat Dissipation 25 Energy Generation 10 Energy Capacity 250 Matter Stores 300 Matter Capacity 400 Sight Range 16 Terrain Scan Range 16 Terrain Scan Density 10 Evasion (%) 44 Item Schematics ----------------- None Robot Schematics ------------------ None Fabricated ------------ Nothing Alien Tech Used ----------------- None Achievements -------------- None Challenges ------------ None Game ------ Seed HelicalTargetInterpreter Manual? 0 Play Time 00:16:29 Cumulative 19.3 hours Start 2024.02.17 @ 02:06:10 End 2024.02.17 @ 02:21:38 Sessions 1 Manual Loads 0 Difficulty Rogue Special Mode None Game No. 12 Rogue 12 Adventurer 0 Explorer 0 Win Type - Total 0 Types 0/0/0/0/0/0/0/0/0 Lore% 20 Gallery% 20 Achievement% 22 Wizard Run 0 Options --------- ASCII 0 Keyboard 0 Movement Mouse Keybinds 0 Fullscreen 2 Font 18/SmallcapsGlow Map View 112x50 Tactical HUD 1 Map Filters NONE Filters NONE Steam 1 RUN: dd7c9b03-73df-45c9-813f-869d69bc5c44